 Dungeon Crawl Stone Soup version 0.21-a0-578-gc6e9d75 (webtiles) character file.

515 slep the Chopper (level 7, -3/58 HPs)
             Began as a Purple Draconian Gladiator on Dec 19, 2017.
             Killed from afar by an orc wizard (6 damage)
             ... with a puff of flame
             ... on level 4 of the Dungeon.
             The game lasted 00:13:01 (3005 turns).

slep the Chopper (Purple Draconian Gladiator)       Turns: 3005, Time: 00:13:01

Health: -3/58      AC:  7    Str: 16    XL:     7   Next: 0%
Magic:  16/16      EV: 14    Int:  8    God:
Gold:   134        SH:  0    Dex: 15    Spells: 6/6 levels left

rFire    . . .     SeeInvis .   x - -2 hand axe (curse)
rCold    . . .     Gourm    .   (no shield)
rNeg     . . .     Faith    .   (armour unavailable)
rPois    .         Spirit   .   b - +0 hat
rElec    .         Reflect  .   (no cloak)
rCorr    +         Harm     .   g - +0 pair of gloves
MR       +....                  (no boots)
Stlth    ++........             (no amulet)
HPRegen  0.19/turn              A - ring of resist corrosion
MPRegen  0.15/turn              B - ring of magical power

@: no status effects
A: breathe power, unfitting armour, cold-blooded, AC +6
a: Breathe Dispelling Energy


You were on level 4 of the Dungeon.
You were hungry.

You visited 1 branch of the dungeon, and saw 4 of its levels.
You also visited: Sewer.

You collected 134 gold pieces.

Inventory:

Hand Weapons
 a - a +0 war axe
 f - a +0 blowgun
 r - a +0 blowgun
 x - a cursed -2 hand axe (weapon)
 C - a +0 blowgun
 D - a +0 blowgun
Missiles
 c - 3 throwing nets (quivered)
 s - 34 poisoned needles
 z - 6 tomahawks
Armour
 b - a +0 hat (worn)
 g - a +0 pair of gloves (worn)
Jewellery
 A - a ring of resist corrosion (left hand)
 B - a ring of magical power (right hand)
Wands
 o - a wand of clouds (4)
Scrolls
 e - 8 scrolls of teleportation {unknown}
 i - a scroll of immolation {unknown}
 k - 2 scrolls of fog {unknown}
 l - a scroll of identify {unknown}
 m - a scroll of amnesia {unknown}
 n - a scroll of magic mapping {unknown}
 q - 2 scrolls of blinking {unknown}
 u - a scroll of noise {unknown}
 w - 2 scrolls of fear {unknown}
 y - 2 scrolls of enchant weapon {unknown}
Potions
 h - a potion of flight
 j - a potion of invisibility {unknown}
 p - 2 potions of might {unknown}
 t - 2 potions of magic {unknown}
 v - a potion of haste {unknown}
 E - a potion of cancellation {unknown}
Comestibles
 d - 7 rations


   Skills:
 + Level 3.9 Fighting
 + Level 6.1 Axes
 + Level 1.9 Throwing
 + Level 4.3 Dodging
 + Level 0.7 Stealth


You had 6 spell levels left.
You didn't know any spells.

Dungeon Overview and Level Annotations

Branches:
Dungeon (4/15)
 Temple: D:4-7

Altars:
Kikubaaqudgha
Trog


Innate Abilities, Weirdness & Mutations

You can breathe bolts of dispelling energy.
Your rich purple scales are hard. (AC +6)
You cannot fit into any form of body armour.
You are cold-blooded and may be slowed by cold attacks.


Message History

The magic dart hits you!
* * * LOW HITPOINT WARNING * * *
You hit something.
You hear some strange, mumbled words.
A magic dart appears from out of thin air!
The magic dart hits you!
* * * LOW HITPOINT WARNING * * *
You barely miss something. Something hits you.
* * * LOW HITPOINT WARNING * * *
You hit something but do no damage. Something hits you but does no damage.
You closely miss something. You tail-slap something.
Something hits you but does no damage.
You miss something. Something hits you.
* * * LOW HITPOINT WARNING * * *
You miss something. Something hits you but does no damage.
You closely miss something. You tail-slap something.
You hear some strange, mumbled words.
A puff of flame appears from out of thin air!
The puff of flame hits you!
You die...

###########
#.........#
#.#######.# #.#
#.# #.# #@# #.#
#{# #.### #))..#
#.#.. .........
#.#.####.....#.#
#.#.# ##..#...#
#.#.# #....###
#.#.#####.#. #
#.........#.#


There were no monsters in sight!

Vanquished Creatures
  A big kobold (Sewer)
  3 vampire bats (D:3)
  3 orc priests
  Ijyb (D:3)
  8 adders
  2 river rats (Sewer)
  An ooze (Sewer)
  5 worms
  4 dart slugs
  4 leopard geckos (D:3)
  8 orcs
  3 ball pythons
  3 bat skeletons (D:3)
  2 bat zombies (D:3)
  7 giant cockroaches
  5 goblins
  2 hobgoblins (D:3)
  4 jackals (D:3)
  13 kobolds
  4 bats
  A frilled lizard (D:2)
  5 rats
89 creatures vanquished.

Notes
Turn   | Place    | Note
-------+----------+-------------------------------------------
     0 | D:1      | slep the Draconian Gladiator began the quest for the Orb.
     0 | D:1      | Reached XP level 1. HP: 17/17 MP: 1/1
   294 | D:1      | Reached XP level 2. HP: 23/24 MP: 2/2
   568 | D:2      | Reached XP level 3. HP: 6/30 MP: 3/3
   687 | D:3      | Noticed Ijyb
   709 | D:3      | Killed Ijyb
   709 | D:3      | Reached skill level 4 in Axes
   739 | D:3      | Found a glowing drain.
   740 | D:3      | Reached XP level 4. HP: 10/37 MP: 4/4
   906 | Sewer    | Entered a sewer
  1571 | Sewer    | HP: 1/37 [adder (3)]
  1580 | Sewer    | Reached XP level 5. HP: 11/44 MP: 5/5
  1971 | Sewer    | Reached skill level 5 in Axes
  2065 | D:3      | Found an ancient bone altar of Kikubaaqudgha.
  2080 | D:3      | Reached XP level 6. HP: 39/51 MP: 6/6
  2202 | D:3      | Found a bloodstained altar of Trog.
  2241 | D:3      | Reached skill level 6 in Axes
  2248 | D:3      | HP: 2/51 [orc priest/short sword (2)]
  2980 | D:4      | Your scales start taking on a rich purple colour.
  2980 | D:4      | Reached XP level 7. HP: 22/58 MP: 7/7
  3005 | D:4      | Killed from afar by an orc wizard

Vault maps used:
D:1:      saegor_arrival_simple_e, minivault_25, minmay_door_square,
          grunt_decor_cap
D:2:      uniq_terence
D:3:      minmay_wonky_spiral, kennysheep_vampire_church, portal_sewer_entry_f,
          first_ration, trog_three_pillars_becter, uniq_ijyb
D:4:      nicolae_overflow_hidden_temple, chequers_temple_overflow_minitemple,
          minmay_temple_entry_hall, serial_shops, kennysheep_mini_moat,
          nicolae_shop_crystal, shop, grunt_gozag_statues
Sewer:    sewer_co_15_rooms

Skill      XL: |  1  2  3  4  5  6 |
---------------+-------------------+-----
Dodging        | 3 4 |  4.3
Axes           | 4 5 6 |  6.1
Fighting       | 3 |  3.9
Throwing       | |  1.9
Stealth        | |  0.7

Action                   |  1- 3 |  4- 6 |  7- 9 || total
-------------------------+-------+-------+-------++-------
Melee: War axe           |    89 |   181 |       ||   270
       Tailslap          |    17 |    27 |     5 ||    49
       Hand axe          |       |    59 |    25 ||    84
  Use: Potion            |       |     3 |       ||     3
 Stab: Sleeping          |       |     1 |       ||     1
  Eat: Chunk             |       |     7 |       ||     7
Armor: Skin              |    35 |   107 |     4 ||   146
Dodge: Dodged            |    84 |   237 |    12 ||   333

Table legend:
 A = Spawn XP
 B = Non-spawn XP
 C = Spawn XP percentage of total XP
 D = Spawn monster count
 E = Non-spawn monster count
 F = Spawn count percentage of total count
 G = Total turns spent on level
                    A         B        C        D         E        F      G
               +---------+---------+-------+---------+---------+-------+---------
         Total |       0 |     737 |   0.0 |       0 |      89 |   0.0 |  3005
               +---------+---------+-------+---------+---------+-------+---------
           D:1 |       0 |      22 |   0.0 |       0 |      12 |   0.0 |   535
           D:2 |       0 |      31 |   0.0 |       0 |       9 |   0.0 |   152
           D:3 |       0 |     399 |   0.0 |       0 |      43 |   0.0 |  1095
           D:4 |       0 |      58 |   0.0 |       0 |       5 |   0.0 |   138
         Sewer |       0 |     227 |   0.0 |       0 |      20 |   0.0 |  1085
               +---------+---------+-------+---------+---------+-------+---------
